 Dungeon Crawl Stone Soup version 0.31-a0-145-g046c7d2549 (webtiles) character file.

Game seed: 8175817514468575869

989 Anon1729 the Slasher (level 7, -4/63 HPs)
             Began as a Minotaur Monk on June 6, 2023.
             Slain by an orc
             ... wielding a +0 falchion
              (9 damage)
             ... on level 4 of the Dungeon.
             The game lasted 00:05:06 (4428 turns).

Anon1729 the Slasher (Minotaur Monk)                Turns: 4428, Time: 00:05:06

Health: -4/63      AC: -2    Str: 15    XL:     7   Next: 98%
Magic:  7/7        EV:  9    Int:  7    God:
Gold:   309        SH:  0    Dex: 15    Spells: 6/6 levels left

rFire   . . .        b - +4 falchion
rCold   . . .        d - orb {light}
rNeg    . . .        c - +0 chain mail
rPois   .            (helmet restricted)
rElec   .            (no cloak)
rCorr   .            (no gloves)
SInv    .            (no boots)
Will    .....        (no amulet) Stlth
                     l - ring of wizardry
HPRegen 0.30/turn    (no ring)
MPRegen 0.10/turn

%: wizardry (x1)
@: corroded, glowing
A: horns 2, retaliatory headbutt
a: no special abilities


You were on level 4 of the Dungeon.
You visited 2 branches of the dungeon, and saw 5 of its levels.
You also visited: Sewer.

You collected 309 gold pieces.

Inventory:

Hand Weapons
 a - a +0 falchion
 b - a +4 falchion (weapon)
 p - a +0 long sword
Missiles
 s - 2 curare-tipped darts (quivered)
 t - 2 poisoned darts
Armour
 c - a +0 chain mail (worn)
 d - an orb of light (worn)
Jewellery
 l - a ring of wizardry (left hand)
Scrolls
 e - 4 scrolls of identify {unknown}
 f - a scroll of fear {unknown}
 h - 2 scrolls of vulnerability {unknown}
 i - a scroll of poison {unknown}
 j - 3 scrolls of fog {unknown}
 m - a scroll of amnesia {unknown}
 o - a scroll of torment {unknown}
 q - 2 scrolls of enchant armour {unknown}
Potions
 g - a potion of invisibility {unknown}
 k - a potion of degeneration {unknown}
 n - a potion of enlightenment {unknown}
 r - a potion of haste {unknown}


   Skills:
 + Level 6.3 Fighting
 + Level 6.3 Long Blades
 + Level 5.0 Armour
 + Level 5.8 Dodging
 + Level 2.5 Invocations


You had 6 spell levels left.
You didn't know any spells.
Your spell library was empty.

Dungeon Overview and Level Annotations

Branches:
Dungeon (4/15)             Temple (1/1) D:4           Sewer (visited)

Altars:
Ashenzari
Cheibriados
Dithmenos
Elyvilon
Gozag
Hepliaklqana
Makhleb
Nemelex Xobeh
Okawaru
Qazlal
Ru
Vehumet
Xom
Zin


Innate Abilities, Weirdness & Mutations

You have a pair of horns on your head.
You reflexively headbutt those who attack you in melee.


Message History

You slash the white imp!
You kill the white imp!
You slash the orc!
You kill the orc!
A kobold comes into view. It is wielding a +0 dagger.
The kobold shouts!
You slash the orc!
You kill the orc!
The kobold throws a stone.
The stone hits you but does no damage. The orc hits you with a +0 hand axe.
You hit the jelly.
Your hands burn!
You headbutt the jelly!
The jelly is almost dead.
The worm barely misses you. The orc hits you but does no damage.
The jelly hits you. The acid corrodes you!
You are splashed with acid!
The orc hits you with a +0 hand axe.
You hit the jelly. The acid corrodes you!
Your hands burn!
The jelly is almost dead.
The jelly hits you. The acid corrodes you!
You are splashed with acid!
The orc hits you with a +0 falchion!
* * * LOW HITPOINT WARNING * * *
The orc barely misses you. You furiously retaliate!
You headbutt the orc, but do no damage. The worm bites you.
* * * LOW HITPOINT WARNING * * *
You are too injured to fight recklessly!
You are too injured to fight recklessly!
You are too injured to fight recklessly!
You are too injured to fight recklessly!
There are monsters nearby!
There are monsters nearby!
You are too injured to fight recklessly!
You hit the jelly.
You kill the jelly!
The orc hits you with a +0 falchion.
* * * LOW HITPOINT WARNING * * *
The orc barely misses you.
Your Armour skill increases to level 5!
The orc attacks as you move away! The orc hits you with a +0 falchion.
* * * LOW HITPOINT WARNING * * *
The orc attacks as you move away! The orc hits you with a +0 falchion!
You die...

........#
..##...#...##....##.
.......##
#.....###...#.......
.....#.#
#...............#.<.
....## .# ####.
.#.....#....##... .....#
###....###..>..###..##...
..#.....
........#.....#.....#.##
......##
#..................#.##
###...#
#........###.)..##...÷~
..##
###..w@...#....###...~~ .
.# #...oo...#............
#....)†.........#.....~~
......................~≈~
....K........>.........##
.##.......#............##
#....######....##.......
...... #......#..###
.....# ...#.##..


You could see a worm, 2 orcs and a kobold.

Vanquished Creatures
  Sigmund (D:3)
  3 kobold brigands (Sewer)
  A scorpion (D:4)
  4 wights
  A jelly (D:4)
  A hound (D:4)
  Terence (D:2)
  A gnoll (D:3)
  12 adders
  A river rat (Sewer)
  A white imp (D:4)
  An ufetubus (D:3)
  11 worms
  4 orcs
  9 bats
  12 endoplasms
  7 giant cockroaches
  7 hobgoblins
  3 quokkas
  10 ball pythons
  8 frilled lizards
  6 goblins
  13 kobolds
  10 rats
128 creatures vanquished.

Notes
Turn   | Place    | Note
-------+----------+-------------------------------------------
     0 | D:1      | Anon1729 the Minotaur Monk began the quest for the Orb.
     0 | D:1      | Reached XP level 1. HP: 19/19 MP: 0/0
   199 | D:1      | Reached XP level 2. HP: 23/27 MP: 1/1
   202 | D:1      | Reached skill level 1 in Armour
   813 | D:2      | Noticed Terence
   831 | D:2      | Killed Terence
   832 | D:2      | Reached XP level 3. HP: 3/33 MP: 2/2
  1070 | D:2      | Found a snail-covered altar of Cheibriados.
  1094 | D:2      | Reached XP level 4. HP: 36/40 MP: 3/3
  2147 | D:3      | Found a broken altar of Ashenzari.
  2341 | D:3      | Reached XP level 5. HP: 47/47 MP: 4/4
  2532 | D:3      | Found a shimmering altar of Xom.
  2846 | D:3      | Noticed Sigmund
  2856 | D:3      | Killed Sigmund
  2857 | D:3      | Reached skill level 5 in Fighting
  2857 | D:3      | Reached skill level 5 in Long Blades
  2857 | D:3      | Reached XP level 6. HP: 40/56 MP: 5/5
  2995 | D:3      | Reached skill level 5 in Dodging
  2995 | D:3      | Reached skill level 1 in Invocations
  3165 | D:4      | Reached XP level 7. HP: 40/60 MP: 5/7
  3368 | D:4      | Found a staircase to the Ecumenical Temple.
  3375 | D:4      | Found a glowing drain.
  3400 | Temple   | Entered the Ecumenical Temple
  3472 | Sewer    | Entered a sewer
  4427 | D:4      | Reached skill level 5 in Armour
  4428 | D:4      | Slain by an orc

Illustrated notes

Levels and vault maps discovered:
D:1:      matt_arrival_grand_opening, layout_loops_ring, serial_rivers,
          chequers_serial_rivers_micro_b, chequers_serial_rivers_small_3,
          chequers_serial_rivers_room_a, chequers_serial_rivers_room_b,
          chequers_serial_rivers_room_a, chequers_serial_rivers_large_a
D:2:      layout_basic, basic_altar, minmay_domino_2, uniq_terence
D:3:      cheibrodos_old_hovel, layout_basic,
          mainiacjoe_overflow_small_starburst, xom_confusion_cloud,
          minmay_pentomino_pile, uniq_sigmund
D:4:      layout_cave_pools, kennysheep_mini, nzn_wu_jian_contemplation,
          minmay_temple_entry_tees, cheibrodos_sewer_entry_sluice, uniq_duvessa
Temple:   hellmonk_temple_of_storms

Skill      XL: |  1  2  3  4  5  6  7 |
---------------+----------------------+-----
Armour         | 1 2 3 4 5 |  5.0
Fighting       | 4 5 6 |  6.3
Long Blades    | 4 5 6 |  6.3
Dodging        | 4 5 |  5.8
Invocations    | 1 2 |  2.5

Action                     |  1- 3 |  4- 6 |  7- 9 || total
---------------------------+-------+-------+-------++-------
  Melee: Falchion          |    57 |    87 |   138 ||   282
         Headbutt          |     7 |    25 |    21 ||    53
         Long sword        |       |    32 |       ||    32
    Use: Potion            |     3 |       |       ||     3
 Armour: Leather armour    |     9 |     2 |       ||    11
         Chain mail        |       |    50 |    69 ||   119
  Dodge: Dodged            |    47 |    72 |    57 ||   176

Table legend: (Time is in decaauts)
 A = Elapsed time spent in this place.
 B = Non-inter-level travel time spent in this place.
 C = Inter-level travel time spent in this place.
 D = Time resting spent in this place.
 E = Time spent auto-exploring this place.
 F = Levels seen in this place.
 G = Mean time per level.
                   A        B        C        D        E       F      G
               +--------+--------+--------+--------+--------+-----+--------+
         Total |   4657 |   4568 |     89 |    208 |   3409 |   6 |  776.2 |
       Dungeon |   3508 |   3419 |     89 |    208 |   2635 |   4 |  877.0 |
        Temple |     45 |     45 |      0 |      0 |      0 |   1 |   45.0 |
         Sewer |   1103 |   1103 |      0 |      0 |    774 |   1 | 1103.0 |
               +--------+--------+--------+--------+--------+-----+--------+

Top non-repeatable levels by time:
     D:3: 1173 daAuts
     D:2: 1171 daAuts
   Sewer: 1103 daAuts
     D:1: 832 daAuts
     D:4: 331 daAuts
  Temple: 45 daAuts
